 Dungeon Sprint DCSS version 0.27.1-34-g3ba077fa99 (webtiles) character file.

Game seed: 7274681518896161350

1693 Karpo the Imperceptible (level 8, -5/36 HPs)
             Began as a Spriggan Enchanter on Feb 9, 2022.
             Was an Initiate of Gozag.
             Shot with an arrow by a centaur warrior (12 damage)
             ... in the Dungeon (Sprint I: "Red Sonja") on Feb 10, 2022.
             The game lasted 00:07:24 (581 turns).

Karpo the Imperceptible (Spriggan Enchanter)         Turns: 581, Time: 00:07:24

Health: -5/36      AC:  2    Str:  4    XL:     8   Next: 72%
Magic:  11/13      EV: 17    Int: 18    God:    Gozag
Gold:   891        SH:  0    Dex: 16    Spells: 0/12 levels left

rFire    . . .     SeeInvis +   a - +1 dagger
rCold    . . .     Faith    .   (shield restricted)
rNeg     . . .     Spirit   .   b - +0 robe
rPois    .         Reflect  .   (helmet restricted)
rElec    .         Harm     .   (no cloak)
rCorr    .         Rampage  .   (gloves unavailable)
Will     +....     NoTele   +   (boots unavailable)
Stlth    +++++++++.             (no amulet)
HPRegen  0.12/turn              (no ring)
MPRegen  0.13/turn              (no ring)

@: very quick
A: very small, no large weapons, unfitting armour, see invisible, speed 3
a: Renounce Religion, Potion Petition, Call Merchant, Bribe Branch


You were in the Dungeon.
You worshipped Gozag.
Gozag was pleased with you.
You visited 1 branch You collected 891 gold pieces.

Inventory:

Hand Weapons
 a - a +1 dagger (weapon)
 i - a +1 dagger of venom
Missiles
 j - 3 curare-tipped darts
Armour
 b - a +0 robe (worn)
Wands
 g - a wand of flame (8)
Scrolls
 h - a scroll of blinking
 k - a scroll of identify {unknown}
 l - a scroll of enchant weapon {unknown}
Potions
 c - 3 potions of curing
 d - a potion of heal wounds
 e - a potion of haste
 f - 4 potions of magic


   Skills:
 - Level 1.1 Short Blades
 - Level 2.6 Dodging
 + Level 25.8 Stealth
 - Level 2.6 Spellcasting
 - Level 3.6 Hexes


You couldn't memorise any spells.
You knew the following spells:

 Your Spells              Type           Power      Damage    Failure   Level
a - Corona                Hex            16%        N/A       3%          1
b - Ensorcelled Hibernat  Hex/Ice        16%        N/A       12%         2
c - Confusing Touch       Hex            15%        N/A       12%         3
d - Dazzling Flash        Conj/Hex       16%        N/A       24%         3
e - Tukima's Dance        Hex            15%        N/A       12%         3

Your spell library contained the following spells:

 Spells                   Type           Power      Damage    Failure   Level
 Slow                     Hex            15%        N/A       6%          2
 Vampiric Draining        Necr           1%         2d6       45%         3


Dungeon Overview and Level Annotations

Branches:
Dungeon (1/1)

Altars:
Cheibriados
Dithmenos
Elyvilon
Fedhas
Gozag
Hepliaklqana
Kikubaaqudgha
Makhleb
Nemelex Xobeh
Okawaru
Qazlal
Ru
Sif Muna
Trog
Uskayaw
Vehumet
Wu Jian
Xom
Yredelemnul
Zin
The Shining One
Jiyva
Lugonu

Shops:
D !![


Innate Abilities, Weirdness & Mutations

You are very small and have problems with some larger weapons.
You are too small for most types of armour.
You have supernaturally acute eyesight. (SInv)
You cover ground extremely quickly. (Speed+++)


Message History

l - a scroll labelled BUNARO MEILINK You open the door. 2 centaur warriors come into view.
Found 17 gold pieces and a twisted gold wand.
The centaur warrior moves out of view. x2
There is an open door here.
You enter the shallow water.
Moving in this stuff is going to be slow.
The centaur warrior shouts! x2
The centaur warrior is distracted by your dazzling golden aura.
The centaur warrior barely misses you. The centaur warrior kicks you.
Your unstable footing causes you to fumble your attack.
The centaur warrior barely misses you. The centaur warrior misses you.
The centaur warrior shouts!
The centaur warrior wields a +0 longbow.
The centaur warrior shoots an arrow.
The arrow barely misses you.
There is an open door here.
Which direction?
You close the door.
A centaur warrior opens the door.
The centaur warrior unwields a +0 longbow.
The centaur warrior hits you. The centaur warrior closely misses you.
The centaur warrior hits you but does no damage.
The centaur warrior closely misses you.
There is an open door here.
Casting: Ensorcelled Hibernation (safe; 12% risk of failure)
Confirm with . or Enter, or press ? or * to list all spells.
Aiming: Ensorcelled Hibernation (safe; 12% risk of failure)
Press: ? - help, Shift-Dir - straight line, f - centaur warrior
Aim: a centaur warrior, quivering arrows (chance to affect: 23%)
The centaur warrior resists with almost no effort.
The centaur warrior hits you. The centaur warrior kicks you.
The centaur warrior closely misses you. x2; The centaur warrior hits you!
The centaur warrior kicks you.
* * * LOW HITPOINT WARNING * * *
The centaur warrior misses you. The centaur warrior kicks you.
* * * LOW HITPOINT WARNING * * *
The centaur warrior wields a +0 longbow.
The centaur warrior shoots an arrow.
The arrow hits you!
You die...
Your body crumbles into a pile of gold.

<.#.)'..#.['..#__#$$ $$
..'..#.)'..#..'..+$$ $
..#####'#####'#__#### $
..####..#...#.####§§# $
$
..#__####..##[#≈≈§§§#$$
$ ..#_____##'#_.+§§§§.+
$
⌠⌠#_.∩...'..._#≈cc..#$$
$ ###_..__##_.#'##'####
$$#_____###'#[#(@.)###
$
###########.####§###.##
$
∩........'...'..§§.'.∩#
$
##++++####...##########
$ $$ $ ###.###


$$$$ #.#'#.# $ $$$$ #.....# $$$$ #.(...# $$$ ####### $ You could see 2 centaur
warriors.

Vanquished Creatures
  Sonja (D)
  A deep troll (D)
  A slime creature (D)
  Sigmund (D)
  A yak (D)
  An ogre (D)
  A jelly (D)
  Ijyb (D)
8 creatures vanquished.

Vanquished Creatures (others)
  2 ballistomycete spores (D)
2 creatures vanquished.

Grand Total: 10 creatures vanquished

Notes
Turn   | Place    | Note
-------+----------+-------------------------------------------
     0 | D        | Karpo the Spriggan Enchanter began the quest for the Orb.
     0 | D        | Reached XP level 1. HP: 9/9 MP: 5/5
     2 | D        | Noticed Ijyb
    12 | D        | Killed Ijyb
    13 | D        | Reached skill level 10 in Stealth
    13 | D        | Reached XP level 2. HP: 9/13 MP: 6/6
   174 | D        | Learned a level 2 spell: Ensorcelled Hibernation
   174 | D        | Noticed an ogre
   177 | D        | Killed an ogre
   178 | D        | Reached skill level 14 in Stealth
   178 | D        | Reached XP level 3. HP: 16/16 MP: 8/8
   178 | D        | Reached XP level 4. HP: 21/21 MP: 9/9
   186 | D        | Noticed Sigmund
   189 | D        | Killed Sigmund
   190 | D        | Reached skill level 17 in Stealth
   190 | D        | Reached XP level 5. HP: 24/24 MP: 10/10
   194 | D        | Learned a level 3 spell: Confusing Touch
   199 | D        | Learned a level 3 spell: Dazzling Flash
   209 | D        | Found a shimmering blue altar of Sif Muna.
   210 | D        | Found an ornate altar of the Wu Jian Council.
   211 | D        | Found a radiant altar of Vehumet.
   216 | D        | Reached skill level 18 in Stealth
   216 | D        | Reached XP level 6. HP: 28/28 MP: 11/11
   236 | D        | Found Jeokisoecza's Distillery.
   236 | D        | Found an ancient bone altar of Kikubaaqudgha.
   236 | D        | Found a hazy altar of Hepliaklqana.
   236 | D        | Found a hide-covered altar of Uskayaw.
   236 | D        | Found a basalt altar of Yredelemnul.
   236 | D        | Found an opulent altar of Gozag.
   236 | D        | Found a snail-covered altar of Cheibriados.
   236 | D        | Found a sacrificial altar of Ru.
   236 | D        | Found a shadowy altar of Dithmenos.
   236 | D        | Noticed a yak
   237 | D        | Found a stormy altar of Qazlal.
   237 | D        | Found a blossoming altar of Fedhas.
   237 | D        | Found a bloodstained altar of Trog.
   237 | D        | Found an iron altar of Okawaru.
   237 | D        | Found a glowing golden altar of the Shining One.
   237 | D        | Found a glowing silver altar of Zin.
   237 | D        | Found a white marble altar of Elyvilon.
   238 | D        | Killed a yak
   239 | D        | Reached skill level 20 in Stealth
   239 | D        | Found a sparkling altar of Nemelex Xobeh.
   264 | D        | Found a viscous altar of Jiyva.
   264 | D        | Found a corrupted altar of Lugonu.
   264 | D        | Noticed a slime creature
   265 | D        | Found a burning altar of Makhleb.
   265 | D        | Found a shimmering altar of Xom.
   267 | D        | Killed a slime creature
   268 | D        | Reached skill level 21 in Stealth
   268 | D        | Reached XP level 7. HP: 32/32 MP: 12/12
   346 | D        | Noticed Sonja
   349 | D        | Killed Sonja
   350 | D        | Reached skill level 24 in Stealth
   350 | D        | Reached XP level 8. HP: 36/36 MP: 10/13
   372 | D        | Became a worshipper of Gozag Ym Sagoz the Greedy
   513 | D        | Found Jozubric's Distillery.
   533 | D        | Noticed a deep troll
   537 | D        | Killed a deep troll
   538 | D        | Reached skill level 25 in Stealth
   542 | D        | Learned a level 3 spell: Tukima's Dance
   554 | D        | Found Akayxzoi's Armour Emporium.
   572 | D        | Noticed a centaur warrior
   572 | D        | Noticed a centaur warrior
   581 | D        | Shot with an arrow by a centaur warrior

Illustrated notes

Levels and vault maps discovered:
D:        dungeon_sprint_1 [red_sonja_temple_1, red_sonja_temple_small_1]

Skill      XL: |  1  2  3  4  5  6  7  8 |
---------------+-------------------------+-----
Stealth        | 10 14 17 18 21 24 25 | 25.8
Short Blades   | |  1.1
Dodging        | |  2.6
Spellcasting   | |  2.6
Hexes          | |  3.6

Action                   |  1- 3 |  4- 6 |  7- 9 || total
-------------------------+-------+-------+-------++-------
Melee: Dagger            |     9 |     4 |     3 ||    16
 Cast: Ensorcelled Hiber |       |       |     2 ||     2
  Use: Potion            |     1 |       |       ||     1
 Stab: Sleeping          |     2 |     4 |     2 ||     8
Armor: Robe              |       |       |     1 ||     1
Dodge: Dodged            |     5 |       |     9 ||    14
